 Dungeon Crawl Stone Soup version 0.29-a0-557-g43b9904bd1 (webtiles) character file.

Game seed: 4258644836758443983

62 testman the Skirmisher (level 4, -5/40 HPs)
             Began as a Meteoran Wanderer on June 8, 2022.
             Was a Follower of Wu Jian.
             Slain by a gnoll
             ... wielding a +0 halberd
              (13 damage)
             ... on level 2 of the Dungeon.
             The game lasted 00:07:01 (799 turns).

testman the Skirmisher (Meteoran Wanderer)           Turns: 799, Time: 00:07:02

Health: -5/40      AC:  4    Str: 14    XL:     4   Next: 53%
Magic:  7/7        EV: 15    Int: 14    God:    Wu Jian [*.....]
Gold:   56         SH:  0    Dex: 14    Spells: 2/5 levels left

rFire   . . .      SeeInvis .   a - +2 short sword
rCold   . . .      Faith    .   (no shield)
rNeg    . . .      Spirit   .   f - +0 leather armour
rPois   .          Reflect  .   m - +0 helmet
rElec   .          Harm     .   (no cloak)
rCorr   .          Rampage  .   (no gloves)
Will    .....                   (no boots)
Stlth   +.........              (no amulet)
HPRegen 0.13/turn               h - +4 ring of evasion
MPRegen 0.10/turn               (no ring)

@: glowing
A: sense surroundings 1, otherworldly, glowing, explore regen
a: Renounce Religion


You were on level 2 of the Dungeon.
You worshipped Wu Jian.
Wu Jian was aware of your devotion.
You visited 1 branch of the dungeon, and saw 3 of its levels.

You collected 56 gold pieces.

Inventory:

Hand Weapons
 a - a +2 short sword (weapon)
 b - a +0 spear
 d - a +0 dagger
Missiles
 c - 11 poisoned darts (quivered)
 g - a throwing net
Armour
 f - a +0 leather armour (worn)
 m - a +0 helmet (worn)
Jewellery
 h - a +4 ring of evasion (left hand)
Scrolls
 e - a scroll of blinking
Potions
 l - a potion of flight


   Skills:
 + Level 3.7 Fighting
 - Level 3.2 Short Blades
 - Level 2.4 Polearms
 - Level 2.4 Throwing
 - Level 1.3 Spellcasting
 + Level 1.8 Air Magic
 - Level 1.2 Evocations


You had 2 spell levels left.
You knew the following spells:

 Your Spells              Type           Power      Damage    Failure   Level
a - Swiftness             Air            6%         N/A       41%         3

Your spell library contained the following spells:

 Spells                   Type           Power      Damage    Failure   Level
 Ensorcelled Hibernation  Hex/Ice        0%         N/A       43%         2
 Passwall                 Tmut/Erth      0%         N/A       43%         2


Dungeon Overview and Level Annotations

Branches:
Dungeon (3/15)

Altars:
Wu Jian


Innate Abilities, Weirdness & Mutations

You passively map a small area around you.
You are easily found by Zot.
You glow in the dark.
You regain HP and MP as you explore.


Message History

The orc wizard is moderately wounded.
The orc wizard barely misses you.
There is a stone staircase leading up here.
Your surroundings suddenly seem different.
Found a black potion.
As you read the scroll labelled RASOEXZAWI, it crumbles to dust.
It is a scroll of amnesia.
Really abort (and waste the scroll)?
Okay, then.
Okay, then.
Unknown command.
It was a potion of attraction.
You feel attractive to monsters. The gnoll is attracted toward you.
It was a potion of cancellation.
Your magical effects are unravelling.
You feel magically purged. The gnoll hits you with a +0 spear.
You feel less attractive to monsters.
You spin and attack the gnoll.
You hit the gnoll.
The gnoll is heavily wounded.
The gnoll hits you with a +0 spear. The gnoll attacks as you move away!
The gnoll hits you with a +0 spear.
* * * LOW HITPOINT WARNING * * *
The gnoll barely misses you.
A gnoll comes into view. It is wielding a +0 whip.
The gnoll moves out of view.
Found 16 gold pieces.
You see here a black potion.
Found 3 scrolls labelled HURRUG DYINO.
You lunge at the gnoll.
You hit the gnoll.
The gnoll is moderately wounded.
The gnoll hits you with a +0 halberd!
* * * LOW HITPOINT WARNING * * *
There is a stone staircase leading up, spattered with blood here.
The gnoll barely misses you. The gnoll hits you with a +0 halberd.
* * * LOW HITPOINT WARNING * * *
You climb upwards.
There is a stone staircase leading down here.
The gnoll attacks as you move away! The gnoll hits you with a +0 halberd!
You die...

..)....# #.# ..†.##.#
#.# ###.##.# #.#
#.##.#########.#
#.##.........#.#########
#.##..######...........#
#.##..# ##...#######.#
#.##<.# #.....# #.# *
#..# #...@g# #.# #^.#
#.....# #.# ...# ##...##
#.# #...# ##...#### #.#
#...# #.#....(# #.#
#...#* ##.#.##.# ##.#
#.....# ##>###.# #..#
#.# ### #.# #.## #.# #.#
#.#


You could see a gnoll.

Vanquished Creatures
  An orc priest (D:3)
  An adder (D:2)
  A dart slug (D:2)
  3 orcs (D:3)
  2 bats (D:1)
  2 goblins (D:2)
  2 hobgoblins
  4 kobolds
  4 rats
20 creatures vanquished.

Notes
Turn   | Place    | Note
-------+----------+-------------------------------------------
     0 | D:1      | testman the Meteoran Wanderer began the quest for the Orb.
     0 | D:1      | testman set off with the following items: a +2 short sword,
                  | a +0 spear, 11 poisoned darts, a +0 dagger, a scroll of
                  | blinking, a +0 leather armour
     0 | D:1      | Reached XP level 1. HP: 16/16 MP: 3/3
    22 | D:1      | Found a faded altar of an unknown god.
    30 | D:1      | Prayed at the altar of an unknown god.
    30 | D:1      | Became a worshipper of the Wu Jian Council
    30 | D:1      | Reached * piety under Wu Jian
   131 | D:2      | Reached XP level 2. HP: 19/24 MP: 5/5
   310 | D:2      | Reached XP level 3. HP: 21/31 MP: 6/6
   442 | D:2      | Learned a level 3 spell: Swiftness
   514 | D:3      | Reached skill level 1 in Air Magic
   514 | D:3      | Reached XP level 4. HP: 27/40 MP: 7/7
   535 | D:3      | HP: 1/40 [orc wizard/magic dart (9)]
   799 | D:2      | Slain by a gnoll

Illustrated notes

Levels and vault maps discovered:
D:1:      dpeg_arrival_ternary, layout_basic, basic_ecumenical_altar
D:2:      layout_loops_ring, nicolae_figureground_sparkle
D:3:      layout_rooms

Skill      XL: |  1  2  3 |
---------------+----------+-----
Fighting       | 2 3 |  3.7
Air Magic      | 1 |  1.8
Short Blades   | |  3.2
Polearms       | |  2.4
Throwing       | |  2.4
Spellcasting   | |  1.3
Evocations     | |  1.2

Action                   |  1- 3 |  4- 6 || total
-------------------------+-------+-------++-------
Melee: Short sword       |    58 |    29 ||    87
       Punch             |     1 |       ||     1
Invok: Lunge             |     7 |     3 ||    10
       Whirlwind         |     4 |     2 ||     6
  Use: Potion            |     3 |     3 ||     6
       Scroll            |       |     3 ||     3
Armor: Leather armour    |     5 |     1 ||     6
Dodge: Dodged            |    28 |    12 ||    40

Table legend: (Time is in decaauts)
 A = Elapsed time spent in this place.
 B = Non-inter-level travel time spent in this place.
 C = Inter-level travel time spent in this place.
 D = Time resting spent in this place.
 E = Time spent auto-exploring this place.
 F = Levels seen in this place.
 G = Mean time per level.
                   A        B        C        D        E       F      G
               +--------+--------+--------+--------+--------+-----+--------+
         Total |    795 |    726 |     69 |    100 |    338 |   3 |  265.0 |
       Dungeon |    795 |    726 |     69 |    100 |    338 |   3 |  265.0 |
               +--------+--------+--------+--------+--------+-----+--------+

Top non-repeatable levels by time:
     D:2: 548 daAuts
     D:3: 132 daAuts
     D:1: 115 daAuts
